 Dungeon Crawl Stone Soup version 0.27.1-34-g3ba077fa99 (webtiles) character file.

Game seed: 15766989378467265600

78 growler the Skirmisher (level 4, -2/35 HPs)
             Began as a Human Wanderer on Jan 21, 2022.
             Was a Follower of Yredelemnul.
             Slain by Crazy Yiuf (7 damage)
             ... on level 2 of the Dungeon.
             The game lasted 00:04:03 (1794 turns).

growler the Skirmisher (Human Wanderer)             Turns: 1794, Time: 00:04:04

Health: -2/35      AC:  6    Str: 12    XL:     4   Next: 61%
Magic:  7/7        EV: 11    Int: 13    God:    Yredelemnul [*.....]
Gold:   23         SH:  0    Dex: 13    Spells: 7/7 levels left

rFire    . . .     SeeInvis .   a - +2 spear
rCold    . . .     Faith    .   (no shield)
rNeg     . . .     Spirit   .   e - +0 leather armour
rPois    .         Reflect  .   p - +0 helmet
rElec    .         Harm     .   (no cloak)
rCorr    .         Rampage  .   n - +0 pair of gloves
Will     .....                  f - +0 pair of boots
Stlth    +.........             (no amulet)
HPRegen  0.11/turn              (no ring)
MPRegen  0.10/turn              (no ring)

@: no status effects
A: no striking features
a: Renounce Religion, Animate Remains


You were on level 2 of the Dungeon.
You worshipped Yredelemnul.
Yredelemnul was aware of your devotion.
You visited 1 branch of the dungeon, and saw 2 of its levels.

You collected 23 gold pieces.

Inventory:

Hand Weapons
 a - a +2 spear (weapon)
 b - a +0 quarterstaff
Armour
 d - a +0 robe
 e - a +0 leather armour (worn)
   (You found it on level 1 of the Dungeon)
 f - a +0 pair of boots (worn)
   (You found it on level 1 of the Dungeon)
 n - a +0 pair of gloves (worn)
   (You found it on level 2 of the Dungeon)
 p - a +0 helmet (worn)
   (You found it on level 2 of the Dungeon)
Scrolls
 c - a scroll of teleportation {@r4}
 g - a scroll of silence {unknown}
 l - a scroll of identify {unknown}
 m - a scroll of enchant weapon {unknown}
 o - a scroll of noise {unknown}
 q - a scroll of summoning {unknown}
Potions
 h - a potion of resistance {unknown}
 i - a potion of might {unknown}
 j - 2 potions of heal wounds {unknown}
 k - a potion of haste {unknown}
 r - a potion of attraction {unknown}
 s - a potion of lignification {unknown}
 t - a potion of degeneration {unknown}


   Skills:
 + Level 3.1 Fighting
 + Level 3.1 Polearms
 - Level 1.0 Dodging
 - Level 1.0 Shields
 - Level 2.0 Spellcasting
 - Level 1.0 Transmutations
 + Level 1.8 Invocations
 - Level 1.0 Evocations


You had 7 spell levels left.
You didn't know any spells.
Your spell library contained the following spells:

 Spells                   Type           Power      Damage    Failure   Level
 Call Canine Familiar     Summ           1%         N/A       67%         3
 Portal Projectile        Hex/Tloc       2%         N/A       67%         3
 Leda's Liquefaction      Hex/Erth       0%         N/A       97%         4


Dungeon Overview and Level Annotations

Branches:
Dungeon (2/15)

Altars:
Yredelemnul

Annotations:
D:2 Crazy Yiuf


Message History

You are no longer poisoned.
Key pressed, stopping explore.
No target in view!
There is a stone staircase leading up here.
Found a pair of gloves.
You see here a +0 pair of gloves.
Found three maces.
Crazy Yiuf shouts!
Crazy Yiuf screams, "Peeping sanguine broken!"
You see here a +0 mace.
Found a mace.
You open the door.
Crazy Yiuf screams, "Rifle tea arm!"
You hit Crazy Yiuf. Crazy Yiuf hits you but does no damage.
You are poisoned.
You barely miss Crazy Yiuf.
You feel very sick.
Crazy Yiuf hits you with a +2 quarterstaff of chaos.
You hit Crazy Yiuf but do no damage.
You feel sick.
Crazy Yiuf hits you with a +2 quarterstaff of chaos!
* * * LOW HITPOINT WARNING * * *
You feel sick.
You feel sick.
You see here a +0 mace.
You feel sick.
Crazy Yiuf says, "Peeping koolooloo chair!"
You feel sick.
You feel sick.
You feel sick.
Crazy Yiuf grits, "Walk!"
You feel sick.
You are no longer poisoned.
Crazy Yiuf cries, "Lay meccalolo snockshim!"
Crazy Yiuf laughs, "Trifle chair return to song!"
You see here a +0 pair of gloves.
Crazy Yiuf whimpers, "Mountain!
Sif Muna ragdoll eyeball."
Crazy Yiuf says, "Shower noodlescoop arga!"
Your leather armour prevents you from hitting Crazy Yiuf.
Crazy Yiuf misses you.
You hit Crazy Yiuf.
Crazy Yiuf grits, "Cholesterol eyeball cloud!"
Crazy Yiuf hits you with a +2 quarterstaff of chaos.
* * * LOW HITPOINT WARNING * * *
Crazy Yiuf burns you.
* * * LOW HITPOINT WARNING * * *
You barely miss Crazy Yiuf.
Crazy Yiuf whimpers, "Paint!"
Crazy Yiuf hits you with a +2 quarterstaff of chaos!
You die...
Your body rises from the dead as a mindless zombie.

########.##### #....##
########### #.....# #....#
..........###.###.# #..###
######.#.....# #.####..#
#.#.###.###.......# #)#.#
#.....#####.# #...# ###.###.....#
#######...#####.###.#####
#..........@g....##.# #.#
#.#####...#####..##.#####.#
.....#.# #...#####........##.#
...#.#.# #...................#
.....#.#####....#####.#.###.##.#
.#..............# #.#.###.##.#
.#.#.#.######...# #..........#
.....#.# #...# ###.)......##
...#.#.######...#######..##.###..


You could see Crazy Yiuf.

Vanquished Creatures
  5 adders (D:2)
  A dart slug (D:2)
  A ball python (D:1)
  An endoplasm (D:1)
  3 goblins
  3 hobgoblins
  A kobold (D:1)
  3 quokkas (D:2)
  6 bats
  6 frilled lizards
  6 rats
36 creatures vanquished.

Notes
Turn   | Place    | Note
-------+----------+-------------------------------------------
     0 | D:1      | growler the Human Wanderer began the quest for the Orb.
     0 | D:1      | growler set off with the following items: a +2 spear, a +0
                  | quarterstaff, a scroll of teleportation {@r4}, a +0 robe
     0 | D:1      | Reached XP level 1. HP: 16/16 MP: 3/3
   237 | D:1      | Reached XP level 2. HP: 12/22 MP: 5/5
   516 | D:1      | Found a faded altar of an unknown god.
   525 | D:1      | Became a worshipper of Yredelemnul the Dark
   525 | D:1      | Reached * piety under Yredelemnul
   875 | D:2      | Reached XP level 3. HP: 24/28 MP: 6/6
  1106 | D:2      | Reached skill level 1 in Invocations
  1229 | D:2      | Reached XP level 4. HP: 29/35 MP: 7/7
  1756 | D:2      | Found a runed translucent door.
  1757 | D:2      | Noticed Crazy Yiuf
  1794 | D:2      | Slain by Crazy Yiuf

Illustrated notes

Levels and vault maps discovered:
D:1:      lemuel_arrival_muddy, layout_basic,
          hellmonk_ecumenical_altar_crossroads, minmay_misc_feat_doors
D:2:      layout_loops_ring, uniq_crazy_yiuf_cottage

Skill      XL: |  1  2  3 |
---------------+----------+-----
Invocations    | 1 |  1.8
Fighting       | 3 |  3.1
Polearms       | 3 |  3.1
Dodging        | |  1.0
Shields        | |  1.0
Spellcasting   | |  2.0
Transmutations | |  1.0
Evocations     | |  1.0

Action                   |  1- 3 |  4- 6 || total
-------------------------+-------+-------++-------
Melee: Spear             |    98 |    32 ||   130
 Stab: Sleeping          |       |     1 ||     1
Armor: Leather armour    |    14 |     5 ||    19
Dodge: Dodged            |    49 |    17 ||    66
